 BcadrenCrawl: Boulder Brew version 0.04.2-10-g17648f679b (webtiles) character file.

Game seed: 18027979133768904078, levelgen mode: deterministic

760 gruber the Unbeliever (level 7, 0/52 HPs) Gnoll Demonspawn. Began on May 2, 2021. Slain by a water moccasin (2 damage) ... on level 2 of the Dungeon. The game lasted 00:04:37 (1406 turns).

gruber the Unbeliever (Gnoll Demonspawn)            Turns: 1406, Time: 00:04:38

Health: 0/52       AC:  3    Str: 16    XL:     7 ^: 113
Magic:  0/12       EV: 21    Int: 17    God:
Gold:   65         SH:  0    Dex: 14    Spells: 7/13 levels left

rFire    . . .     Vision   .   a - +0 trident
rCold    . . .     Gourm    .     - Unarmed
rNeg     . . .     Faith    .   b - +0 leather armour
rPois    .         Spirit   +   (no helmet)
rElec    .         Reflect  .   (no cloak)
rCorr    .         Harm     .   (no gloves)
MR       .....                  (no boots)
Stlth    ++++......             (no amulet)
HPRegen  0.27/turn              f - ring of evasion
MPRegen  0.22/turn              (no ring)

@: lethally poisoned (0 -> -16), marked
A: distributed training, fangs 1, nightstalker 1, magic shield, strong nose
a: no special abilities


You were on level 2 of the Dungeon.
You were hungry.

You visited 1 branch of the dungeon, and saw 2 of its levels.

You collected 65 gold pieces.

Inventory:

Weapons
 a - a +0 trident (weapon)
 l - a +0 hand crossbow
Armour
 b - a +0 leather armour (worn)
Jewellery
 f - a ring of evasion (left hand)
 i - an uncursed ring of positive energy
Scrolls
 c - a scroll of enchantment
 e - a scroll of magic mapping
 h - a scroll of blinking
 j - a scroll of summoning
 k - 2 scrolls of teleportation
Potions
 g - a potion of heal wounds
Comestibles
 d - 5 rations


   Skills:
 + Level 3.6 Fighting
 + Level 2.4 Short Blades
 + Level 2.4 Long Blades
 + Level 2.4 Axes & Hammers
 + Level 2.4 Whips & Flails
 + Level 5.2 Polearms
 + Level 2.4 Maces & Staves
 + Level 2.4 Slings
 + Level 2.4 Bows
 + Level 2.4 Crossbows
   Level 0.0 Throwing
 + Level 2.4 Armour
 + Level 7.0 Dodging
 + Level 4.9 Stealth
 + Level 2.4 Shields
 + Level 2.4 Unarmed Combat
 + Level 3.7 Spellcasting
 + Level 2.0 Hexes
 + Level 2.0 Charms
 + Level 2.0 Summonings
 + Level 2.0 Necromancy
 + Level 2.0 Translocations
 + Level 2.0 Transmutations
 + Level 4.3 Fire Magic
 + Level 2.0 Ice Magic
 + Level 2.0 Air Magic
 + Level 2.0 Earth Magic
 + Level 2.0 Poison Magic
 + Level 7.8 Invocations
 + Level 2.4 Evocations


You had 7 spell levels left.
You knew the following spells:

 Your Spells              Type           Power        Failure   Level  Hunger
a - Flame Tongue          Fire           17 (30)      3%          1    None
b - Blink                 Tloc           N/A          12%         2    ##.....
c - Mephitic Cloud        Pois/Air       10 (100)     22%         3    ###....

Your spell library contained the following spells:

 Spells                   Type           Power        Failure   Level  Hunger
 Conjure Flame            Fire           17 (100)     9%          3    ###....
 Call Imp                 Summ           10 (100)     12%         2    ##.....
 Slow                     Hex            10 (100)     12%         2    ##.....


Dungeon Overview and Level Annotations

Branches:
Dungeon (2/8)

Altars:


Innate Abilities, Weirdness & Mutations

Your experience applies equally to all skills.
You have very sharp teeth.
You are slightly more attuned to the shadows.
When hurt, damage is shared between your health and your magic reserves.
Your uncanny sense of smell can sniff out nearby items.


Message History

The sewer rat is almost dead. (2/11) HP
* * * LOW HITPOINT WARNING * * *
You feel sick. (1)
The bullfrog barely misses you (0). The water moccasin bites you (1).
You are more poisoned.
The water moccasin poisons you (11)! The adder bites you (3).
* * * LOW HITPOINT WARNING * * *
The sewer rat bites the slimehead (1).
The kobold closely misses you (0). The bullfrog completely misses you (0).
The water moccasin barely misses you (0).
A sewer rat comes into view.
The sewer rat barely misses you (0). The adder barely misses you (0).
Unknown command.
Unknown command.
You puncture the sewer rat (10)!
You kill the sewer rat!
* * * LOW HITPOINT WARNING * * *
You feel sick. (2)
The bullfrog closely misses you (0). The water moccasin bites you (3).
You die...

#.≈##≈#P.≈# ####≈.#≈##≈#
.#≈##≈### #≈≈≈≈§≈#.
##≈##≈# #≈≈≈≈≈.§. ≈..#.##
###≈≈≈§§..# ≈#≈#.##
#≈.≈≈§≈K≈# ####†≈##
...l≈≈≈≈#.
#.##.≈.##########†≈≈≈≈...
≈≈..<....≈≈≈.≈.)@SJ≈.....
≈≈P≈≈.≈≈≈≈≈≈≈.≈FSKr.†≈.≈≈
≈≈≈≈≈.≈≈≈≈≈≈..≈≈JZ≈;≈≈≈≈≈
≈≈≈≈≈≈.≈≈≈≈≈.≈≈≈≈≈≈r≈r≈≈≈
≈≈≈≈≈≈≈.≈b≈..≈≈≈≈≈≈≈≈rr≈≈
≈≈≈≈≈≈..≈≈≈.≈≈≈≈≈≈≈;≈≈≈≈≈
≈≈≈≈≈≈.≈≈≈≈.≈≈≈≈≈;≈≈≈≈≈≈≈
..≈≈≈..K≈.≈......≈≈P #


You could see a water moccasin, a submerged bullfrog, 2 jellies, a submerged
cinder newt, an adder, 5 submerged sewer rats, 2 kobolds, a quokka skeleton and
3 neutral slimeheads (passive).

Vanquished Creatures
  2 big kobolds (D:2)
  A bullfrog (D:2)
  9 jellies (D:2)
  6 giant cockroaches
  An adder (D:2)
  12 sewer rats (D:2)
  5 cinder newts
  3 worms (D:2)
  A dart slug (D:1)
  2 leopard geckos (D:2)
  4 ball pythons (D:2)
  A cinder newt skeleton (D:2)
  2 goblins (D:1)
  3 hobgoblins (D:1)
  5 bats
  A hobgoblin skeleton (D:2)
  8 kobolds
  A kobold skeleton (D:2)
  3 rats (D:1)
  4 withered plants (D:2)
74 creatures vanquished.

Vanquished Creatures (others)
  A sewer rat (D:2)
  2 slimeheads (D:2)
  75 withered plants (D:2)
78 creatures vanquished.

Grand Total: 152 creatures vanquished

Notes
Turn   | Place    | Note
-------+----------+-------------------------------------------
     0 | D:1      | gruber the Gnoll Demonspawn began the quest for the Orb.
     0 | D:1      | Reached XP level 1. HP: 17/17 MP: 4/4
    91 | D:1      | Gained mutation: When hurt, damage is shared between your
                  | health and your magic reserves. [demonic ancestry]
    91 | D:1      | Reached XP level 2. HP: 23/23 MP: 6/6
    97 | D:1      | Reached XP level 3. HP: 26/28 MP: 7/7
   143 | D:1      | Reached XP level 4. HP: 34/34 MP: 9/9
   275 | D:1      | Reached skill level 1 in Short Blades
   275 | D:1      | Reached skill level 1 in Long Blades
   275 | D:1      | Reached skill level 1 in Axes & Hammers
   275 | D:1      | Reached skill level 1 in Whips & Flails
   275 | D:1      | Reached skill level 1 in Maces & Staves
   275 | D:1      | Reached skill level 1 in Slings
   275 | D:1      | Reached skill level 1 in Bows
   275 | D:1      | Reached skill level 1 in Crossbows
   275 | D:1      | Reached skill level 1 in Armour
   275 | D:1      | Reached skill level 1 in Shields
   275 | D:1      | Reached skill level 1 in Unarmed Combat
   275 | D:1      | Reached skill level 1 in Evocations
   567 | D:2      | Reached skill level 1 in Hexes
   567 | D:2      | Reached skill level 1 in Charms
   567 | D:2      | Reached skill level 1 in Summonings
   567 | D:2      | Reached skill level 1 in Necromancy
   567 | D:2      | Reached skill level 1 in Translocations
   567 | D:2      | Reached skill level 1 in Transmutations
   567 | D:2      | Reached skill level 1 in Ice Magic
   567 | D:2      | Reached skill level 1 in Air Magic
   567 | D:2      | Reached skill level 1 in Earth Magic
   567 | D:2      | Reached skill level 1 in Poison Magic
   567 | D:2      | Reached XP level 5. HP: 32/40 MP: 8/10
   946 | D:2      | Gained mutation: You are slightly more attuned to the
                  | shadows. [demonic ancestry]
   946 | D:2      | Reached XP level 6. HP: 32/47 MP: 7/11
   950 | D:2      | Learned a level 2 spell: Blink
   954 | D:2      | Learned a level 3 spell: Mephitic Cloud
  1005 | D:2      | Reached skill level 5 in Polearms
  1093 | D:2      | Reached XP level 7. HP: 47/52 MP: 10/12
  1406 | D:2      | HP: 2/52 [poisoned by a water moccasin]
  1406 | D:2      | Slain by a water moccasin

Levels and vault maps discovered:
D:1:      dpeg_arrival_ternary, layout_basic
D:2:      layout_sewer, gammafunk_temple_overflow_elements, grunt_ministairs_1,
          kennysheep_slug_shrine, uniq_crazy_yiuf_cottage

Skill      XL: |  1  2  3  4  5  6  7 |
---------------+----------------------+-----
Short Blades   | 1 2 |  2.4
Long Blades    | 1 2 |  2.4
Axes & Hammers | 1 2 |  2.4
Whips & Flails | 1 2 |  2.4
Maces & Staves | 1 2 |  2.4
Slings         | 1 2 |  2.4
Bows           | 1 2 |  2.4
Crossbows      | 1 2 |  2.4
Armour         | 1 2 |  2.4
Shields        | 1 2 |  2.4
Unarmed Combat | 1 2 |  2.4
Evocations     | 1 2 |  2.4
Spellcasting   | 3 |  3.7
Hexes          | 1 2 |  2.0
Charms         | 1 2 |  2.0
Summonings     | 1 2 |  2.0
Necromancy     | 1 2 |  2.0
Translocations | 1 2 |  2.0
Transmutations | 1 2 |  2.0
Ice Magic      | 1 2 |  2.0
Air Magic      | 1 2 |  2.0
Earth Magic    | 1 2 |  2.0
Poison Magic   | 1 2 |  2.0
Invocations    | 7 |  7.8
Fighting       | 3 |  3.6
Fire Magic     | 4 |  4.3
Polearms       | 5 |  5.2
Dodging        | 7 |  7.0
Stealth        | |  4.9

Action                   |  1- 3 |  4- 6 |  7- 9 || total
-------------------------+-------+-------+-------++-------
Melee: Trident           |    16 |    82 |    68 ||   166
       Unarmed           |     5 |    38 |    44 ||    87
       Bite              |       |     8 |     4 ||    12
 Stab: Sleeping          |     3 |     5 |     3 ||    11
       Distracted        |       |     1 |       ||     1
  Eat: Chunk             |       |     1 |     1 ||     2
Armor: Leather armour    |     4 |     7 |     9 ||    20
Dodge: Dodged            |     6 |    50 |   116 ||   172
